 Dungeon Crawl Stone Soup version 0.29-a0-275-g389c0b56f3 (webtiles) character file.

Game seed: 11309570615269247202

102 tilp the Chiller (level 4, 18/18 HPs)
             Began as a Felid Ice Elementalist on Mar 10, 2022.
             Quit the game on level 3 of the Dungeon.
             The game lasted 00:03:27 (3432 turns).

tilp the Chiller (Felid Ice Elementalist)           Turns: 3432, Time: 00:03:27

Health: 18/18      AC:  1    Str:  4    XL:     4   Next: 49%
Magic:  9/9        EV: 17    Int: 18    God:
Gold:   80         SH:  0    Dex: 17    Spells: 2/9 levels left
                                        Lives:  0   Deaths: 1

rFire   . . .      SeeInvis +   (weapon unavailable)
rCold   . . .      Faith    .   (shield unavailable)
rNeg    . . .      Spirit   .   (body armour unavailable)
rPois   .          Reflect  .   (helmet unavailable)
rElec   .          Harm     .   (cloak unavailable)
rCorr   .          Rampage  .   (gloves unavailable)
Will    .....                   (boots unavailable)
Stlth   ++........              (no amulet)
HPRegen 0.06/turn               (no ring)
MPRegen 0.11/turn               (no ring)

@: quick
A: very small, claws 1, fangs 3, see invisible, speed 1, shaggy fur 1, stealthy
paws, no weapons or thrown items, no armour, multi-lived
a: no special abilities


You were on level 3 of the Dungeon.
You visited 1 branch of the dungeon, and saw 3 of its levels.

You collected 80 gold pieces.

Inventory:

Potions
 a - a potion of brilliance
 b - a potion of curing {unknown}
 d - a potion of lignification {unknown}
 e - a potion of degeneration {unknown}
 f - a potion of berserk rage {unknown}


   Skills:
 - Level 2.6 Dodging
 - Level 2.6 Stealth
 - Level 3.0 Spellcasting
 * Level 5.8 Ice Magic


You had 2 spell levels left.
You knew the following spells:

 Your Spells              Type           Power      Damage    Failure   Level
a - Freeze                Ice            92%        1d10      1%          1
b - Frozen Ramparts       Ice            46%        1d6       4%          3
c - Ozocubu's Armour      Ice            23%        N/A       4%          3

Your spell library contained the following spells:

 Spells                   Type           Power      Damage    Failure   Level
 Animate Skeleton         Necr           4%         N/A       16%         1
 Foxfire                  Conj/Fire      8%         2x1d4     16%         1
 Pain                     Necr           8%         1d4       16%         1
 Conjure Flame            Conj/Fire      2%         6-21      43%         3
 Inner Flame              Hex/Fire       2%         N/A       43%         3
 Tukima's Dance           Hex            2%         N/A       43%         3
 Vampiric Draining        Necr           2%         2d6       43%         3
 Hailstorm                Conj/Ice       13%        3d5       45%         4
 Summon Ice Beast         Ice/Summ       13%        N/A       45%         4
 Anguish                  Hex/Necr       1%         N/A       85%         4
 Flame Wave               Conj/Fire      2%         2d4       85%         4
 Summon Mana Viper        Hex/Summ       2%         N/A       99%         5
 Enfeeble                 Hex            1%         N/A       100%        7
 Monstrous Menagerie      Summ           1%         N/A       100%        7


Dungeon Overview and Level Annotations

Branches:
Dungeon (3/15)

Altars:

Shops:
D:1 [


Innate Abilities, Weirdness & Mutations

You have sharp claws.
You have razor-sharp teeth.
You have supernaturally acute eyesight. (SInv)
You cover ground quickly. (Speed+)
You are covered in fur. (AC +1)
Your paws help you pounce on unaware monsters.
You are incapable of wielding weapons or throwing items.
You cannot wear armour.
You gain extra lives every three experience levels.


Message History

You feel much better.
Unknown command.
The orc priest calls down the wrath of Beogh upon you.
Beogh smites you!
Ouch! That really hurt!
* * * LOW HITPOINT WARNING * * *
You hear an angry hiss.
You feel much better.
Casting: Freeze (safe; 1% risk of failure)
Confirm with . or Enter, or press ? or * to list all spells.
The spell is quite dangerous to miscast (4% risk of failure)!
Continue anyway?
Casting: Frozen Ramparts (quite dangerous; 4% risk of failure)
Press: ? - help, Dir - look around, f - activate The walls around you are covered in ice.
The wall freezes the orc priest.
The orc priest mumbles some strange prayers to Beogh against you.
Pain shoots through your body!
A frilled lizard comes into view.
Unknown command.
Unknown command.
Casting: Frozen Ramparts (quite dangerous; 4% risk of failure)
Confirm with . or Enter, or press ? or * to list all spells.
The spell is quite dangerous to miscast (4% risk of failure)!
Continue anyway?
You miscast Ozocubu's Armour.
You are very lightly contaminated with residual magic.
Nothing appears to happen.
The wall freezes the orc priest.
The orc priest invokes the aid of Beogh against you.
Pain shoots through your body!
* * * LOW HITPOINT WARNING * * *
Unknown command.
An orc comes into view. It is wielding a +0 war axe.
The wall freezes the orc priest.
The orc priest mumbles some strange prayers to Beogh against you.
Beogh smites you!
Ouch! That really hurt!
You die...
You are now level 4!
You rejoin the land of the living...
Found 18 gold pieces and 17 stones.
Are you sure you want to abandon this character and quit the game? (Confirm with "yes".)

##...##
##.....##
##.......##
##.......$.###
.'.........'.
#.......(.#
#$......#
#...@.#
##...## ##+##
# # # # # #


There were no monsters in sight!

Vanquished Creatures
  Natasha (thrice) (D:2)
  An orc wizard (D:3)
  4 gnolls (D:2)
  An adder (D:2)
  A dart slug (D:2)
  2 orcs (D:3)
  3 ball pythons (D:1)
  5 bats
  6 endoplasms
  3 giant cockroaches
  4 goblins
  4 hobgoblins
  5 kobolds
  2 quokkas
  5 frilled lizards
  4 rats
  A spectral kobold (D:2)
54 creatures vanquished.

Notes
Turn   | Place    | Note
-------+----------+-------------------------------------------
     0 | D:1      | tilp the Felid Ice Elementalist began the quest for the
                  | Orb.
     0 | D:1      | Reached XP level 1. HP: 7/7 MP: 4/4
   148 | D:1      | Reached XP level 2. HP: 11/11 MP: 4/6
   174 | D:1      | Reached skill level 4 in Ice Magic
   435 | D:1      | Found Hitaox's Antique Armour Shop.
  1047 | D:1      | Reached XP level 3. HP: 7/14 MP: 0/7
  1051 | D:1      | Learned a level 3 spell: Frozen Ramparts
  1562 | D:2      | Noticed Natasha
  1567 | D:2      | Killed Natasha
  1587 | D:2      | Learned a level 3 spell: Ozocubu's Armour
  1702 | D:2      | Reached XP level 4. HP: 15/18 MP: 2/9
  1800 | D:2      | Reached skill level 5 in Ice Magic
  1935 | D:2      | Found a faded altar of an unknown god.
  2283 | D:2      | Noticed Natasha
  2293 | D:2      | Killed Natasha
  2294 | D:2      | Reached XP level 5. HP: 13/21 MP: 4/10
  2465 | D:2      | Noticed Natasha
  2477 | D:2      | Killed Natasha
  3431 | D:3      | Killed from afar by an orc priest
  3432 | D:3      | Reached XP level 4. HP: -3/18 MP: 4/9
  3432 | D:3      | Quit the game

Illustrated notes

Levels and vault maps discovered:
D:1:      zelgadis_glass_arrival_large, layout_rooms, serial_shops,
          nicolae_shop_window_shopping
D:2:      layout_loops_corners, dreamdust_ecumenical_altar_drowned_temple,
          uniq_natasha
D:3:      layout_loops_corners, uniq_sigmund

Skill      XL: |  1  2  3  4 |
---------------+-------------+-----
Ice Magic      | 4 5 |  5.8
Spellcasting   | 3 |  3.0
Dodging        | |  2.6
Stealth        | |  2.6

Action                   |  1- 3 |  4- 6 || total
-------------------------+-------+-------++-------
Melee: Unarmed           |    14 |     4 ||    18
 Cast: Freeze            |    36 |    21 ||    57
       Frozen Ramparts   |     4 |     9 ||    13
       Ozocubu's Armour  |     1 |     2 ||     3
  Use: Scroll            |     3 |     1 ||     4
       Potion            |       |     3 ||     3
 Stab: Sleeping          |    10 |     1 ||    11
Armor: Skin              |     5 |     3 ||     8
Dodge: Dodged            |    40 |    14 ||    54

Table legend: (Time is in decaauts)
 A = Elapsed time spent in this place.
 B = Non-inter-level travel time spent in this place.
 C = Inter-level travel time spent in this place.
 D = Time resting spent in this place.
 E = Time spent auto-exploring this place.
 F = Levels seen in this place.
 G = Mean time per level.
                   A        B        C        D        E       F      G
               +--------+--------+--------+--------+--------+-----+--------+
         Total |   3156 |   3132 |     24 |    400 |   2394 |   3 | 1052.0 |
       Dungeon |   3156 |   3132 |     24 |    400 |   2394 |   3 | 1052.0 |
               +--------+--------+--------+--------+--------+-----+--------+

Top non-repeatable levels by time:
     D:2: 1518 daAuts
     D:1: 1391 daAuts
     D:3: 246 daAuts
